 Dungeon Crawl Stone Soup version 0.25.1-2-g60ff931df9 (webtiles) character file.

Game seed: 6980643547299223703

162 Martska the Poker (level 5, -8/49 HPs)
             Began as a Naga Warper on Aug 13, 2020.
             Mangled by an ice beast (14 damage)
             ... on level 5 of the Dungeon.
             The game lasted 00:11:15 (5124 turns).

Martska the Poker (Naga Warper)                     Turns: 5124, Time: 00:11:15

Health: -8/49      AC:  5    Str: 13    XL:     5   Next: 43%
Magic:  8/8        EV:  7    Int: 14    God:
Gold:   168        SH:  7    Dex: 11    Spells: 8/8 levels left

rFire    . . .     SeeInvis +   a - +0 spear
rCold    . . .     Gourm    .   p - +0 kite shield
rNeg     . . .     Faith    .   b - +1 leather armour
rPois    +         Spirit   .   (no helmet)
rElec    .         Reflect  .   (no cloak)
rCorr    .         Harm     .   g - +0 pair of gloves
MR       .....                  (no barding)
Stlth    +.........             (no amulet)
HPRegen  0.16/turn              (no ring)
MPRegen  0.11/turn              (no ring)

@: very slow
A: large, see invisible, deformed body, poison resistance, slowness 2, slow
metabolism 1, spit poison 1, AC +1
a: Spit Poison


You were on level 5 of the Dungeon.
You were not hungry.

You visited 1 branch of the dungeon, and saw 5 of its levels.

You collected 168 gold pieces.

Inventory:

Hand Weapons
 a - a +0 spear (weapon)
Armour
 b - a +1 leather armour (worn)
 g - a +0 pair of gloves (worn)
 p - a +0 kite shield (worn)
Scrolls
 e - 3 scrolls of amnesia
 i - 3 scrolls of enchant armour
 l - 5 scrolls of remove curse
 n - 2 scrolls of identify
Potions
 c - a potion of degeneration {unknown}
 d - a potion of flight
 h - a potion of haste
Comestibles
 f - 5 rations


   Skills:
 * Level 3.3 Fighting
 * Level 3.4 Polearms
 - Level 0.8 Throwing
 - Level 0.7 Armour
 * Level 2.8 Dodging
 + Level 0.5 Shields
 + Level 2.1 Spellcasting
   Level 3.0 Translocations


You had 8 spell levels left.
You didn't know any spells.
Your spell library contained the following spells:

 Spells                   Type           Power        Failure   Level  Hunger
 Blink                    Tloc           N/A          63%         2    ###....
 Shroud of Golubria       Chrm/Tloc      #.....       83%         2    ###....
 Gell's Gravitas          Tloc           #.........   85%         3    ####...
 Lesser Beckoning         Tloc           #.........   85%         3    ####...
 Teleport Other           Tloc           #.......     85%         3    ####...
 Passage of Golubria      Tloc           N/A          99%         4    #####..


Dungeon Overview and Level Annotations

Branches:
Dungeon (5/15)
 Temple: D:4-7

Altars:
Ashenzari
Fedhas

Annotations:
D:4 3 runed translucent doors, sm0rk's ghost, amateur OpTm


Innate Abilities, Weirdness & Mutations

You cannot wear boots.
Your serpentine skin is tough. (AC +1)
You have supernaturally acute eyesight. (SInv)
Armour fits poorly on your strangely shaped body.
Your system is resistant to poisons. (rPois)
You cover ground very slowly.
You have a slow metabolism.
You can spit poison.


Message History

The ice beast is moderately wounded.
The ice beast hits you. The ice beast freezes you.
You barely miss the ice beast.
The ice beast is moderately wounded.
You block the ice beast's attack.
You hit the ice beast.
The ice beast is moderately wounded.
The ice beast hits you.
* * * LOW HITPOINT WARNING * * *
The ice beast freezes you.
* * * LOW HITPOINT WARNING * * *
You hit the ice beast.
The ice beast is moderately wounded.
The ice beast closely misses you.
You completely miss the ice beast.
The ice beast is moderately wounded.
The ice beast hits you.
* * * LOW HITPOINT WARNING * * *
The ice beast freezes you!
You die...

####### ####....... ########
#<#........ #......#
#.#........###......##
..รท............Y@....#########
...........###................
........... #....###.########
........... #....# #.#.....#
#.#........ ###### #...###
#...#....## ########....<#
#.#<....## #.....##..####.#
###.....# #.(...##.......#
......# ####.....#....#####


You could see an ice beast.

Vanquished Creatures
  An iguana (D:4)
  A hound skeleton (D:3)
  6 adders
  An adder skeleton (D:5)
  2 worms
  2 dart slugs (D:1)
  5 bats
  2 giant cockroaches
  3 goblins
  8 hobgoblins
  8 jackals
  A quokka (D:4)
  3 ball pythons
  4 frilled lizards
  6 kobolds
  A leopard gecko skeleton (D:5)
  3 rats
57 creatures vanquished.

Vanquished Creatures (others)
  3 fungi (D:4)
  A plant (D:4)
4 creatures vanquished.

Grand Total: 61 creatures vanquished

Notes
Turn   | Place    | Note
-------+----------+-------------------------------------------
     0 | D:1      | Martska the Naga Warper began the quest for the Orb.
     0 | D:1      | Reached XP level 1. HP: 19/19 MP: 3/3
   350 | D:1      | Reached XP level 2. HP: 16/26 MP: 5/5
   847 | D:1      | Reached XP level 3. HP: 11/33 MP: 6/6
  1602 | D:2      | Found a faded altar of an unknown god.
  2101 | D:2      | Reached XP level 4. HP: 30/40 MP: 7/7
  2415 | D:2      | Found a blossoming altar of Fedhas.
  2534 | D:3      | Noticed a black bear
  3837 | D:4      | Found a runed translucent gate.
  3838 | D:4      | Found a runed translucent gate.
  3839 | D:4      | Found a runed translucent gate.
  3841 | D:4      | Noticed a big kobold
  3841 | D:4      | Noticed sm0rk's ghost (amateur OpTm)
  3843 | D:4      | Noticed a big kobold
  4259 | D:4      | Reached XP level 5. HP: 49/49 MP: 8/8
  4349 | D:4      | Found a shattered altar of Ashenzari.
  4502 | D:5      | Entered Level 5 of the Dungeon
  4749 | D:5      | Noticed a phantom
  5106 | D:5      | Noticed an ice beast
  5124 | D:5      | Mangled by an ice beast

Illustrated notes

Levels and vault maps discovered:
D:1:      wander_arrival_fairy_ring, layout_loops_corners
D:2:      layout_basic, old_standard_altar, chequers_ecumenical_altar_simple
D:3:      layout_rooms, first_ration
D:4:      layout_loops_ring, serial_glass, glass_columns_b, glass_columns_a,
          gammafunk_ghost_nasty_kobolds, nicolae_ashenzari_panopticon
D:5:      layout_basic, uniq_edmund, uniq_menkaure

Skill      XL: |  1  2  3  4 |
---------------+-------------+-----
Dodging        | 2 |  2.8
Polearms       | 3 |  3.4
Fighting       | 3 |  3.3
Throwing       | |  0.8
Armour         | |  0.7
Shields        | |  0.5
Spellcasting   | |  2.1
Translocations | |  3.0

Action                   |  1- 3 |  4- 6 || total
-------------------------+-------+-------++-------
Melee: Spear             |   119 |   177 ||   296
Throw: Boomerang         |     3 |     2 ||     5
 Abil: Spit Poison       |     8 |     8 ||    16
  Use: Scroll            |     3 |     6 ||     9
       Potion            |       |     6 ||     6
  Eat: Chunk             |     3 |     2 ||     5
       Ration            |       |     2 ||     2
Armor: Leather armour    |    20 |    55 ||    75
Dodge: Dodged            |    42 |    94 ||   136
Block: Kite shield       |       |    28 ||    28
